 Dungeon Crawl Stone Soup version 0.29-a0-222-g5b244fca1f (webtiles) character file.

Game seed: 3217616566777052865

23556 jlumianski the Cleaver (level 12, -8/93 (95) HPs)
             Began as a Demonspawn Gladiator on Feb 27, 2022.
             Was an Elder of Qazlal.
             Mangled by a reaper
             ... wielding a +5 vorpal scythe
              (37 damage)
             ... on level 2 of the Abyss.
             The game lasted 00:55:18 (13227 turns).

jlumianski the Cleaver (Demonspawn Gladiator)      Turns: 13227, Time: 00:55:18

HP:   -8/93 (95)    AC: 17    Str: 25    XL:     12   Next: 72%
MP:   16/16         EV: 21    Int: 11    God:    Qazlal [****..]
Gold: 1040          SH:  5    Dex: 18    Spells: 11/11 levels left

rFire   . . .      SeeInvis .   q - +6 war axe (elec)
rCold   . . .      Faith    +   (no shield)
rNeg    . . .      Spirit   .   M - +3 scale mail {rPois}
rPois   +          Reflect  .   (helmet restricted)
rElec   .          Harm     .   (no cloak)
rCorr   .          Rampage  .   S - +2 pair of gloves {hurl}
Will    .....      Rage     3%  H - +2 pair of boots {Stlth+}
Stlth   +.........              B - amulet "Beify" {Faith Dex+4}
HPRegen 0.25/turn               r - ring of the Hare {EV+8}
MPRegen 0.15/turn               I - +6 ring of strength

@: lightly drained, repel missiles
A: antennae 1, powered by death 1, demonic magic 2, weakness stinger 2, demonic
touch 1, [berserk 2]
a: Renounce Religion, Upheaval, Elemental Force


You were on level 2 of the Abyss.
You worshipped Qazlal.
Qazlal was greatly pleased with you.
You visited 3 branches of the dungeon, and saw 14 of its levels.
You visited the Abyss 1 time.
You also visited: Bailey.

You collected 1451 gold pieces.
You spent 411 gold pieces at shops.

Inventory:

Hand Weapons
 q - a +6 war axe of electrocution (weapon)
 U - a +4 halberd
Missiles
 d - 4 throwing nets
 e - 2 silver javelins
 h - 23 boomerangs (quivered)
 i - 3 javelins
 t - 48 poisoned darts
 E - 8 datura-tipped darts
Armour
 c - a +1 helmet
 H - a +2 pair of boots of stealth (worn)
 M - a +3 scale mail of poison resistance (worn)
 S - a +2 pair of gloves of hurling (worn)
Jewellery
 r - the ring of the Hare (left hand) {EV+8}
   (You found it on level 2 of the Dungeon)

   [ring of evasion]

   EV:        It affects your evasion (+8).
 B - the amulet "Beify" (around neck) {Faith Dex+4}
   (You took it off a gnoll on level 5 of the Dungeon)

   [amulet of faith]

   It allows you to gain divine favour quickly.
   Dex:       It affects your dexterity (+4).
 I - a +6 ring of strength (right hand)
 T - a ring of wizardry
 Z - a ring of flight
Wands
 D - a wand of polymorph (10)
 N - a wand of paralysis (15)
 Q - a wand of iceblast (8)
Scrolls
 a - 2 scrolls of vulnerability
 p - 2 scrolls of fear
 v - 4 scrolls of immolation
 F - 3 scrolls of blinking
 J - a scroll of amnesia
 K - a scroll of teleportation
 V - 2 scrolls of magic mapping
Potions
 f - a potion of lignification
 g - 3 potions of curing
 j - 2 potions of might
 k - 3 potions of flight
 l - 5 potions of heal wounds
 o - 2 potions of degeneration
 x - 2 potions of haste
 C - a potion of attraction
 P - a potion of cancellation
Miscellaneous
 b - a piece from Xom's chessboard (15/15)
 L - a phial of floods


   Skills:
 + Level 9.2 Fighting
 + Level 14.4 Axes
 + Level 0.9(9.3) Polearms
 + Level 4.4 Throwing
 + Level 8.0 Armour
 + Level 5.1 Dodging
 - Level 1.0 Stealth
 + Level 2.7 Shields
 * Level 5.5 Invocations


You had 11 spell levels left.
You didn't know any spells.
Your spell library contained the following spells:

 Spells                   Type           Power      Damage    Failure   Level
 Magic Dart               Conj           0%         1d3       58%         1
 Corpse Rot               Necr/Air       0%         N/A       75%         2
 Poisonous Vapours        Pois/Air       0%         N/A       75%         2
 Searing Ray              Conj           0%         2d4       75%         2
 Dazzling Flash           Conj/Hex       0%         N/A       92%         3
 Fulminant Prism          Conj/Hex       0%         3d6       100%        4
 Petrify                  Tmut/Erth      0%         N/A       100%        4
 Summon Ice Beast         Ice/Summ       0%         N/A       100%        4
 Agony                    Necr           0%         N/A       100%        5
 Metabolic Englaciation   Hex/Ice        0%         N/A       100%        5
 Silence                  Hex/Air        0%         N/A       100%        5
 Summon Mana Viper        Hex/Summ       0%         N/A       100%        5
 Statue Form              Tmut/Erth      0%         N/A       100%        6
 Monstrous Menagerie      Summ           0%         N/A       100%        7


Dungeon Overview and Level Annotations

Branches:
Dungeon (12/15)            Temple (1/1) D:6            Lair (1/6) D:10
 Bailey (visited)
    Orc: D:9-12

Altars:
Ashenzari
Cheibriados
Dithmenos
Elyvilon
Fedhas
Gozag
Hepliaklqana
Kikubaaqudgha
Makhleb
Nemelex Xobeh
Okawaru
Qazlal
Ru
Sif Muna
Trog
Uskayaw
Vehumet
Wu Jian
Xom
Yredelemnul
Zin
The Shining One
Beogh
Lugonu

Shops:
D:2 [   D:4 *!   D:7 =   D:9 [

Annotations:
D:4 1 runed translucent door, Crazy Yiuf
D:12 Erolcha


Innate Abilities, Weirdness & Mutations

You have a pair of small antennae on your head.
You regenerate a little health from kills.
Spells you cast may paralyse nearby enemies.
You have a tail ending in a sharp stinger.
Your touch may inflict minor irresistible damage on your foes.
[You often lose your temper in combat.]


Message History

You slash the smoke demon!
You kill the smoke demon!
That felt strangely unrewarding.
You hear a shout!
You hear a chilling moan.
Something shouts, "Back with thee, thou villainous saucy tinkerer!"
A will-o-the-wisp comes into view.
An ufetubus comes into view.
A reaper comes into view. It is wielding a +5 vorpal scythe.
The will-o-the-wisp gestures.
The will-o-the-wisp conjures some foxfire! 2 foxfires come into view.
You barely miss the will-o-the-wisp.
You catch the helpless foxfire completely off-guard!
You hit the foxfire. The foxfire hits you.
The will-o-the-wisp gestures.
The will-o-the-wisp conjures some foxfire! 2 foxfires come into view.
You barely miss the will-o-the-wisp.
You tail-slap the will-o-the-wisp, but do no damage.
You hit the ufetubus but do no damage. You hit the foxfire.
The foxfire hits you!! x2
The ufetubus hits you but does no damage.
The ufetubus misses you.
The will-o-the-wisp gestures.
The will-o-the-wisp conjures some foxfire! 2 foxfires come into view.
You hit the will-o-the-wisp. You tail-slap the will-o-the-wisp!
Your touch misses the will-o-the-wisp.
The will-o-the-wisp is moderately damaged.
You slash the foxfire! You slice the ufetubus!!
You kill the ufetubus!
That felt strangely unrewarding.
The foxfire hits you!!
* * * LOW HITPOINT WARNING * * *
The foxfire hits you!
* * * LOW HITPOINT WARNING * * *
You feel much better.
You hear a roar!
The will-o-the-wisp closely misses you.
The reaper hits you from afar with a +5 vorpal scythe!!!
You die...

.#.. .#.#..#
###.#..#
..#..
.#..#.. ...#
###.#...##..
.# #....# ##
.## #
##.#.#.# ##
##.###.
#..#v#.#
#.@v# #.
##.#§..#.
#2§....#
..##...# #..
#.## .## . .
. #


You could see a reaper and a will-o-the-wisp.

Vanquished Creatures
  A tentacled starspawn (Abyss:2)
  Snorg (D:12)
  2 hydras
  Fannar (D:12)
  2 two-headed ogres (D:10)
  A thrashing horror (Abyss:2)
  A wretched star (Abyss:2)
  5 skeletal warriors
  4 orc knights
  A wizard (D:11)
  An ugly thing (D:10)
  A manticore (D:11)
  3 cyclopes
  An elephant (D:10)
  A smoke demon (Abyss:2)
  2 unseen horrors
  A komodo dragon (D:9)
  A troll (D:10)
  A hornet (D:10)
  A raiju (Abyss:2)
  A flying skull (D:11)
  2 wraiths
  3 wyverns
  3 steam dragons
  2 basilisks (D:10)
  20 yaks
  A chaos spawn (Abyss:2)
  3 vampire mosquitoes
  2 acid dragons
  3 water moccasins
  Duvessa (D:6)
  An ice beast (D:5)
  12 orc warriors
  A sky beast (D:4)
  5 necrophages (D:8)
  4 ogres
  11 centaurs
  A phantom (D:5)
  7 kobold brigands
  3 gnoll sergeants
  4 bullfrogs
  3 scorpions
  A wyvern zombie (D:8)
  Dowan (D:6)
  10 killer bees
  A howler monkey (D:11)
  10 wights
  2 centaur zombies (D:8)
  A crimson imp (D:11)
  7 orc priests
  2 hounds
  3 small abominations (Abyss:2)
  3 gnoll shamans
  A human zombie (D:8)
  An iron imp (D:10)
  5 iguanas
  6 orc wizards
  A killer bee zombie (D:8)
  A mummy (D:8)
  A howler monkey zombie (D:8)
  26 gnolls
  6 adders
  4 white imps
  2 ufetubi
  4 worms
  A dart slug (D:2)
  40 orcs
  6 bats
  2 endoplasms
  4 giant cockroaches
  7 goblins
  3 hobgoblins
  3 ball pythons
  9 frilled lizards
  14 kobolds
  4 rats
317 creatures vanquished.

Vanquished Creatures (others)
  5 foxfires (Abyss:2)
  2 fungi
  2 starspawn tentacles (Abyss:2)
9 creatures vanquished.

Grand Total: 326 creatures vanquished

Notes
Turn   | Place    | Note
-------+----------+-------------------------------------------
     0 | D:1      | jlumianski the Demonspawn Gladiator began the quest for the
                  | Orb.
     0 | D:1      | Reached XP level 1. HP: 16/16 MP: 1/1
   109 | D:1      | Found a faded altar of an unknown god.
   152 | D:1      | Gained mutation: Spells you cast may paralyse adjacent
                  | enemies. [demonic ancestry]
   152 | D:1      | Reached XP level 2. HP: 22/22 MP: 2/2
   199 | D:1      | Reached skill level 3 in Axes
  1020 | D:1      | Discovered your monstrous ancestry.
  1020 | D:1      | Gained mutation: You have a small tail. [demonic ancestry]
  1020 | D:1      | Reached XP level 3. HP: 24/27 MP: 3/3
  1082 | D:2      | Found the ring of the Hare {EV+8}
  1239 | D:2      | Found Totwiw's Antique Armour Boutique.
  1273 | D:2      | Reached skill level 1 in Armour
  1439 | D:2      | Gained mutation: You regenerate a little health from kills.
                  | [demonic ancestry]
  1439 | D:2      | Reached XP level 4. HP: 33/33 MP: 4/4
  2006 | D:3      | Identified a scroll of acquirement
  2006 | D:3      | Acquired a +2 war axe of electrocution
  2172 | D:4      | Noticed a scorpion
  2187 | D:4      | Killed a scorpion
  2188 | D:4      | Reached skill level 4 in Axes
  2188 | D:4      | Reached XP level 5. HP: 23/39 MP: 5/5
  2362 | D:4      | Found Gozag's Platinum Reserve.
  2367 | D:4      | Found an opulent altar of Gozag.
  2383 | D:4      | Noticed an ogre
  2400 | D:4      | Killed an ogre
  2401 | D:4      | Reached XP level 6. HP: 13/46 MP: 6/6
  2452 | D:4      | Reached skill level 5 in Axes
  2907 | D:4      | Found Iwneyrus's Distillery.
  2910 | D:4      | Bought a potion of heal wounds for 55 gold pieces
  2910 | D:4      | Bought a potion of heal wounds for 55 gold pieces
  2928 | D:4      | Found a runed translucent door.
  2929 | D:4      | Noticed Crazy Yiuf
  3222 | D:4      | Reached XP level 7. HP: 51/52 MP: 7/7
  3878 | D:5      | Entered Level 5 of the Dungeon
  3913 | D:4      | Reached skill level 6 in Axes
  4097 | D:5      | Found a radiant altar of Vehumet.
  4245 | D:5      | Identified the amulet "Beify" {Faith Dex+4}
  4345 | D:5      | Gained mutation: Your touch may inflict minor irresistible
                  | damage on your foes. [demonic ancestry]
  4345 | D:5      | Reached XP level 8. HP: 53/61 MP: 8/8
  4346 | D:5      | Reached skill level 7 in Axes
  4805 | D:6      | Reached skill level 8 in Axes
  4812 | D:6      | Reached skill level 5 in Fighting
  4816 | D:6      | Found a stormy altar of Qazlal.
  4824 | D:6      | Gained mutation: Spells you cast may paralyse nearby
                  | enemies. [demonic ancestry]
  4824 | D:6      | Reached XP level 9. HP: 49/68 MP: 9/9
  4844 | D:6      | Reached skill level 9 in Axes
  5172 | D:6      | Found a staircase to the Ecumenical Temple.
  5199 | Temple   | Entered the Ecumenical Temple
  5357 | D:6      | Became a worshipper of Qazlal Stormbringer
  5472 | D:6      | Found a shimmering blue altar of Sif Muna.
  5642 | D:6      | Noticed Dowan
  5643 | D:6      | Noticed Duvessa
  5645 | D:6      | Killed Dowan
  5646 | D:6      | Reached skill level 10 in Axes
  5650 | D:6      | Killed Duvessa
  5942 | D:6      | Reached * piety under Qazlal
  6429 | D:7      | Found a sacrificial altar of Ru.
  6481 | D:7      | Found a shimmering altar of Xom.
  6572 | D:7      | Found Lauw's Jewellery Boutique.
  6720 | D:7      | Reached skill level 5 in Armour
  6950 | D:8      | Found a flagged portal.
  6990 | Bailey   | Entered a bailey
  7023 | Bailey   | Gained mutation: You have a tail ending in a sharp stinger.
                  | [demonic ancestry]
  7023 | Bailey   | Reached XP level 10. HP: 69/76 MP: 10/10
  7028 | Bailey   | Noticed an orc knight
  7047 | Bailey   | Reached ** piety under Qazlal
  7049 | Bailey   | Killed an orc knight
  7050 | Bailey   | Reached skill level 11 in Axes
  7250 | Bailey   | Noticed an orc knight
  7250 | Bailey   | Noticed an orc knight
  7266 | Bailey   | Killed an orc knight
  7272 | Bailey   | Killed an orc knight
  7491 | Bailey   | Found an iron altar of Okawaru.
  7718 | D:8      | Found an ancient bone altar of Kikubaaqudgha.
  7830 | D:8      | Found a basalt altar of Yredelemnul.
  7878 | D:8      | Reached skill level 12 in Axes
  8230 | D:8      | Found a hide-covered altar of Uskayaw.
  8613 | D:9      | Reached skill level 1 in Shields
  8719 | D:9      | Reached *** piety under Qazlal
  8727 | D:9      | Found an iron altar of Okawaru.
  8903 | D:9      | Found Nutsoux's Armour Shoppe.
  8906 | D:9      | Bought a +2 pair of gloves of hurling for 301 gold pieces
  9076 | D:10     | Entered Level 10 of the Dungeon
  9104 | D:10     | Reached XP level 11. HP: 78/83 MP: 11/11
  9286 | D:10     | Noticed an orc knight
  9300 | D:10     | Killed an orc knight
  9414 | D:10     | Noticed a purple ugly thing
  9431 | D:10     | Killed a purple ugly thing
  9588 | D:10     | Found a runed translucent door.
  9631 | D:10     | Noticed a two-headed ogre
  9724 | D:10     | Killed a two-headed ogre
  9725 | D:10     | Reached skill level 1 in Invocations
  9754 | D:10     | Reached skill level 13 in Axes
  9945 | D:10     | Reached **** piety under Qazlal
  9963 | D:10     | Noticed a two-headed ogre
  9983 | D:10     | Killed a two-headed ogre
 10137 | D:10     | Found a snail-covered altar of Cheibriados.
 10230 | D:10     | Found a staircase to the Lair.
 10540 | D:10     | Found a bloodstained altar of Trog.
 10707 | Lair:1   | Entered Level 1 of the Lair of Beasts
 10707 | Lair:1   | Noticed a four-headed hydra
 10719 | Lair:1   | Killed a nine-headed hydra
 11269 | D:11     | Reached skill level 1 in Stealth
 11269 | D:11     | Gained mutation: You have a pair of small antennae on your
                  | head. [demonic ancestry]
 11269 | D:11     | Reached XP level 12. HP: 93/93 MP: 13/13
 11829 | D:10     | Reached skill level 14 in Axes
 12666 | D:12     | Noticed a seven-headed hydra
 12758 | D:10     | Killed a 12-headed hydra
 13011 | D:12     | Noticed Snorg
 13015 | D:12     | Reached skill level 5 in Dodging
 13028 | D:12     | Killed Snorg
 13029 | D:12     | Reached skill level 5 in Invocations
 13040 | D:12     | Noticed Fannar
 13052 | D:12     | Killed Fannar
 13053 | D:12     | Noticed Erolcha
 13055 | D:12     | Cast into level 2 of the Abyss (Erolcha)
 13055 | Abyss:2  | Found a corrupted altar of Lugonu.
 13133 | Abyss:2  | Noticed a tentacled starspawn
 13146 | Abyss:2  | Killed a tentacled starspawn
 13223 | Abyss:2  | Noticed a reaper
 13226 | Abyss:2  | HP: 3/93 [will-o-the-wisp/foxfire (13)]
 13227 | Abyss:2  | Mangled by a reaper

Illustrated notes

Levels and vault maps discovered:
D:1:      wander_arrival_desolate, layout_basic,
          hellmonk_ecumenical_altar_run_dry, bh_walls_and_bars
D:2:      layout_basic, serial_shops, shop
D:3:      layout_basic
D:4:      layout_gridville, nicolae_gozag_zags_fifth_avenue, serial_shops,
          kennysheep_mini, serial_rivers, chequers_serial_rivers_room_b,
          chequers_serial_rivers_large_b, chequers_serial_rivers_micro_e,
          chequers_serial_rivers_small_3, uniq_crazy_yiuf_cottage
D:5:      layout_basic, vehumet_crystals
D:6:      layout_rooms, mainiacjoe_overflow_brackets,
          mainiacjoe_overflow_boulevard, minmay_temple_entry_statues_fountains,
          kennysheep_generic_room_9, uniq_duvessa
D:7:      layout_loops_corners, kennysheep_little_box,
          nicolae_ru_sacrificial_ziggurat, serial_shops,
          nicolae_shop_advertising_works [nicolae_subvault_shop_adworks]
D:8:      layout_cave_pods, lemuel_mausoleum_altar_yredelemnul,
          overflow_temple_1_default, nicolae_uskayaw_murder_on_the_dancefloor,
          mainiacjoe_overflow_small_starburst, enter_bailey_5,
          minmay_crystal_water, minivault_25
D:9:      layout_rooms, okawaru_ov_weapons_minmay, serial_shops,
          kennysheep_mini_moat
D:10:     cheibrodos_ideogram_h, layout_irregular_city, marbit_many_paths,
          chei_slow_surprise, david_lair_generic, lightli_church_of_beogh
D:11:     layout_cave_pools, lightli_wizard_tower
D:12:     hangedman_screamer, layout_irregular_city,
          minmay_orc_entry_temple_small, uniq_erolcha, uniq_fannar, uniq_snorg
Temple:   kb_corrupted_temple
Lair:1:   layout_hall_layers, basic_altar, st_stairs_9, lemuel_fruit_fields,
          grunt_megastairs_5, lemuel_fruit_fields
Abyss:2:  base: D:3, abyss_furniture_001

Skill      XL: |  1  2  3  4  5  6  7  8  9 10 11 12 |
---------------+-------------------------------------+-----
Axes           | 3 4 5 6 8 10 12 13 14 | 14.4
Dodging        | 3 4 5 |  5.1
Throwing       | 2 3 4 |  4.4
Armour         | 1 2 3 5 6 7 8 |  8.0
Fighting       | 3 4 5 6 8 9 |  9.2
Shields        | 1 2 |  2.7
Invocations    | 2 5 |  5.5
Stealth        | 1 |  1.0
Polearms       | |  0.9

Action                   |  1- 3 |  4- 6 |  7- 9 | 10-12 || total
-------------------------+-------+-------+-------+-------++-------
Melee: War axe           |    84 |    77 |   210 |   429 ||   800
       Tailslap          |     2 |    10 |    30 |    59 ||   101
       Punch             |       |     1 |     5 |     2 ||     8
       Touch             |       |       |    25 |    70 ||    95
       Halberd           |       |       |       |    11 ||    11
Throw: Stone             |     7 |     5 |     3 |       ||    15
       Boomerang         |       |       |       |    32 ||    32
Invok: Elemental Force   |       |       |       |     2 ||     2
       Upheaval          |       |       |       |     4 ||     4
  Use: Scroll            |     9 |    10 |     6 |     9 ||    34
       Potion            |       |       |       |     4 ||     4
 Stab: Distracted        |       |       |       |     1 ||     1
Armor: Ring mail         |    10 |       |       |       ||    10
       Scale mail        |    28 |     4 |       |   193 ||   225
       Chain mail        |       |    16 |    12 |       ||    28
       Plate armour      |       |       |    68 |     4 ||    72
Dodge: Dodged            |    75 |    57 |   157 |   471 ||   760
       Repelled          |       |       |       |     3 ||     3
Block: Other             |       |       |     1 |    88 ||    89

Table legend: (Time is in decaauts)
 A = Elapsed time spent in this place.
 B = Non-inter-level travel time spent in this place.
 C = Inter-level travel time spent in this place.
 D = Time resting spent in this place.
 E = Time spent auto-exploring this place.
 F = Levels seen in this place.
 G = Mean time per level.
                   A        B        C        D        E       F      G
               +--------+--------+--------+--------+--------+-----+--------+
         Total |  13330 |  12844 |    486 |   2412 |   6636 |  16 |  833.1 |
       Dungeon |  12404 |  11919 |    485 |   2136 |   6537 |  12 | 1033.7 |
        Temple |    110 |    110 |      0 |      0 |     62 |   1 |  110.0 |
          Lair |     57 |     57 |      0 |      0 |      0 |   1 |   57.0 |
         Abyss |    171 |    171 |      0 |      0 |     11 |   1 |  171.0 |
        Bailey |    587 |    587 |      0 |    276 |     26 |   1 |  587.0 |
               +--------+--------+--------+--------+--------+-----+--------+

Top non-repeatable levels by time:
    D:10: 2902 daAuts
     D:4: 1364 daAuts
     D:8: 1079 daAuts
     D:5: 1050 daAuts
     D:3: 981 daAuts
     D:6: 976 daAuts
     D:1: 946 daAuts
     D:7: 916 daAuts
    D:11: 794 daAuts
     D:2: 703 daAuts
     D:9: 622 daAuts
  Bailey: 587 daAuts
 Abyss:2: 171 daAuts
  Temple: 110 daAuts
    D:12: 64 daAuts
